 Seeded DCSS version 0.29.1-15-g9cfb28693d (webtiles) character file.

Game seed: 1 (custom seed)

66 Kazon the Trooper (level 3, -2/31 HPs)
             Began as a Palentonga Fighter on Mar 16, 2023.
             Slain by a gnoll
             ... wielding a +0 spear
              (5 damage)
             ... on level 2 of the Dungeon.
             The game lasted 00:05:30 (1544 turns).

Kazon the Trooper (Palentonga Fighter)              Turns: 1544, Time: 00:05:31

Health: -2/31      AC:  7    Str: 21    XL:     3   Next: 96%
Magic:  3/3        EV:  7    Int: 10    God:
Gold:   167        SH:  9    Dex: 13    Spells: 2/2 levels left

rFire   . . .      SeeInvis +   a - +0 long sword
rCold   . . .      Faith    .   c - +0 buckler
rNeg    . . .      Spirit   .   l - +0 scale mail
rPois   .          Reflect  +   k - +0 helmet
rElec   +          Harm     .   (no cloak)
rCorr   .          Rampage  .   (no gloves)
Will    .....                   (no barding)
Stlth   ..........              f - amulet of Lul Qeas {Reflect rElec Dex+4 SH+5}
HPRegen 0.10/turn               (no ring)
MPRegen 0.08/turn               (no ring)

@: no status effects
A: large, rugged brown scales 3, see invisible, deformed body, roll 1, armoured
tail
a: Rolling Charge


You were on level 2 of the Dungeon.
You visited 1 branch of the dungeon, and saw 2 of its levels.

You collected 167 gold pieces.

Inventory:

Hand Weapons
 a - a +0 long sword (weapon)
 e - a +2 dagger of venom
Missiles
 j - 12 stones (quivered)
Armour
 c - a +0 buckler (worn)
 k - a +0 helmet (worn)
 l - a +0 scale mail (worn)
Jewellery
 f - the amulet of Lul Qeas (around neck) {Reflect rElec Dex+4 SH+5}
   (You acquired it on level 1 of the Dungeon)

   [amulet of reflection]

   It reflects blocked missile attacks.
   Dex:       It affects your dexterity (+4).
   rElec:     It insulates you from electricity.
   SH:        It affects your SH (+5).
Scrolls
 i - a scroll of identify {unknown}
 m - a scroll of immolation {unknown}
Potions
 b - a potion of berserk rage {unknown}
 d - a potion of might
 g - a potion of flight {unknown}
 h - a potion of attraction {unknown}
 n - a potion of haste {unknown}


   Skills:
 + Level 3.5 Fighting
 + Level 2.8 Long Blades
 + Level 2.9 Armour
 + Level 3.1 Shields


You had 2 spell levels left.
You didn't know any spells.
Your spell library contained the following spells:

 Spells                   Type           Power      Damage    Failure   Level
 Sting                    Tmut/Pois      0%         1d3       77%         1
 Poisonous Vapours        Pois/Air       0%         N/A       88%         2
 Olgreb's Toxic Radiance  Pois           0%         N/A       100%        4


Dungeon Overview and Level Annotations

Branches:
Dungeon (2/15)

Altars:


Innate Abilities, Weirdness & Mutations

You are completely covered in rugged brown scales. (AC +3, +7% HP)
You have supernaturally acute eyesight. (SInv)
Armour fits poorly on your strangely shaped body.
You can roll at nearby foes to attack.
You have a long armoured tail.


Message History

The gnoll hits you with a +0 halberd!
You slash the gnoll!
You kill the gnoll!
A gnoll comes into view. It is wielding a +0 whip.
The gnoll shouts!
The gnoll hits you from afar with a +0 spear.
Things that are here:
a +0 halberd; a scroll labelled DYOVOE RUSYGI Roll where?
Press: ? - help, Dir - move target, f - gnoll
Aim: a gnoll, wielding a +0 spear and quivering a throwing net You roll forward with a clatter of scales!
You closely miss the gnoll. You tail-slap the gnoll.
The gnoll is lightly wounded.
The gnoll hits you but does no damage.
You closely miss the gnoll.
The gnoll is lightly wounded.
You barely miss the gnoll. The gnoll hits you but does no damage.
You closely miss the gnoll. The gnoll hits you with a +0 whip.
* * * LOW HITPOINT WARNING * * *
You block the gnoll's attack.
The gnoll hits you from afar with a +0 spear.
* * * LOW HITPOINT WARNING * * *
You block the gnoll's attack.
You closely miss the gnoll. You tail-slap the gnoll!
The gnoll is severely wounded.
You block the gnoll's attack. You block the gnoll's attack.
The gnoll hits you but does no damage.
You hit the gnoll.
The gnoll is heavily wounded.
You block the gnoll's attack. The gnoll hits you but does no damage.
You hit the gnoll.
The gnoll is almost dead.
You block the gnoll's attack. The gnoll hits you with a +0 spear.
* * * LOW HITPOINT WARNING * * *
You barely miss the gnoll.
You tail-slap the gnoll, but do no damage.
The gnoll is severely wounded.
The gnoll barely misses you. The gnoll hits you with a +0 spear.
You die...

...#.......#>#
##..#.###.#.#.#
#..#.# #.#.#.#
#..#.###...#.#
#......##..#.#
#.###......##..#.##
...........#.....#
######..g.)..#.....#
......g@.)...#.....#
######.##.##.#.....#
#. #..........#
#.....#.#.#.###
#####.#.#.#.#
######.#.#.#.#
#............#
#.##.......#
#.##.$####.#


You could see 2 gnolls.

Vanquished Creatures
  A gnoll (D:2)
  2 adders (D:2)
  A worm (D:2)
  6 endoplasms
  A giant cockroach (D:1)
  7 goblins
  4 hobgoblins
  3 kobolds
  A quokka (D:1)
  A ball python (D:2)
  2 bats
  2 frilled lizards (D:2)
  3 rats (D:1)
34 creatures vanquished.

Notes
Turn   | Place    | Note
-------+----------+-------------------------------------------
     0 | D:1      | Kazon the Palentonga Fighter began the quest for the Orb.
     0 | D:1      | Reached XP level 1. HP: 19/19 MP: 1/1
    34 | D:1      | Identified a scroll of acquirement
    54 | D:1      | Acquired the amulet of Lul Qeas {Reflect rElec Dex+4 SH+5}
   317 | D:1      | Reached XP level 2. HP: 25/25 MP: 2/2
   928 | D:2      | Reached XP level 3. HP: 20/31 MP: 3/3
  1544 | D:2      | Slain by a gnoll

Illustrated notes

Levels and vault maps discovered:
D:1:      dpeg_arrival_three_smaller_balls, layout_basic
D:2:      layout_loops_ring

Skill      XL: |  1  2 |
---------------+-------+-----
Shields        | 3 |  3.1
Fighting       | |  3.5
Long Blades    | |  2.8
Armour         | |  2.9

Action                   || total
-------------------------++-------
Melee: Long sword        ||    98
       Tailslap          ||     8
Throw: Stone             ||     5
 Abil: Rolling Charge    ||    20
  Use: Scroll            ||     1
Armor: Scale mail        ||    29
Dodge: Dodged            ||    29
Block: Buckler           ||    42
